 Dungeon Crawl Stone Soup version 0.22.1-1-ga44c0e5 (webtiles) character file.

1255 Fang the Chopper (level 8, -1/50 HPs)
             Began as a Gargoyle Berserker on Oct 8, 2018.
             Was an Elder of Trog.
             Slain by an orc wizard
             ... wielding a +0 dagger
              (3 damage)
             ... on level 6 of the Dungeon.
             The game lasted 00:07:31 (6155 turns).

Fang the Chopper (Gargoyle Berserker)               Turns: 6155, Time: 00:07:32

Health: -1/50      AC: 10    Str: 24    XL:     8   Next: 51%
Magic:  8/8        EV: 13    Int:  7    God:    Trog [****..]
Gold:   192        SH:  0    Dex:  9    Spells: 7/7 levels left

rFire    + . .     SeeInvis .   s - +0 war axe
rCold    . . .     Gourm    .   (no shield)
rNeg     + . .     Faith    .   b - +1 animal skin
rPois    ∞         Spirit   .   (no helmet)
rElec    +         Reflect  .   w - scarf {repulsion}
rCorr    .         Harm     .   r - +1 pair of gloves
MR       .....                  (no boots)
Stlth    ++........             l - amulet of magic regeneration
HPRegen  0.16/turn              m - ring of fire
MPRegen  0.36/turn              v - ring of protection from cold

@: berserk cooldown, slowed, repel missiles, very slow
A: blurry vision 1, negative energy resistance 1, electricity resistance,
unbreathing, petrification resistance, rot immunity, subdued magic 1, MP-powered
wands, AC +5
a: Berserk, Trog's Hand, Brothers in Arms, Renounce Religion


You were on level 6 of the Dungeon.
You worshipped Trog.
Trog was greatly pleased with you.
You were near starving.

You visited 2 branches of the dungeon, and saw 7 of its levels.
You also visited: Ossuary.

You collected 258 gold pieces.
You spent 66 gold pieces at shops.

Inventory:

Hand Weapons
 s - a +0 war axe (weapon)
Armour
 b - a +1 animal skin (worn)
 r - a +1 pair of gloves (worn)
 w - a scarf of repulsion (worn)
Jewellery
 f - an uncursed amulet of rage
 l - an amulet of magic regeneration (around neck)
 m - a ring of fire (left hand)
 o - an uncursed ring of resist corrosion
 v - a ring of protection from cold (right hand)
Wands
 q - a wand of paralysis (28)
Scrolls
 g - 3 scrolls of blinking
 j - a scroll of fog
 k - a scroll of magic mapping
 p - 2 scrolls of remove curse
 u - a scroll of fear
 y - 2 scrolls of teleportation
Potions
 c - a potion of agility {unknown}
 d - 3 potions of might
 e - 2 potions of curing
 n - 2 potions of invisibility
 t - a potion of haste
 x - a potion of resistance
 A - 2 potions of flight
Comestibles
 a - 2 rations


   Skills:
 + Level 5.6 Fighting
 + Level 7.2 Axes
 + Level 2.6 Armour
 + Level 4.2 Dodging
 + Level 1.9 Stealth


You had 7 spell levels left.
You didn't know any spells.
Your spell library was empty.

Dungeon Overview and Level Annotations

Branches:
Dungeon (6/15)             Temple (1/1) D:5

Altars:
Ashenzari
Cheibriados
Dithmenos
Elyvilon
Fedhas
Gozag
Hepliaklqana
Kikubaaqudgha
Makhleb
Nemelex Xobeh
Okawaru
Qazlal
Ru
Sif Muna
Vehumet
Wu Jian
Xom
Yredelemnul
Zin
The Shining One

Shops:
D:4 (

Annotations:
D:5 Dowan, Duvessa


Innate Abilities, Weirdness & Mutations

You are resistant to torment.
Your stone body is resilient. (AC +5)
You are immune to poison.
You resist negative energy. (rN+)
You are resistant to electric shocks. (rElec)
You can survive without breathing.
You are immune to petrification.
You are immune to rotting.
Scrolls take you a little longer to read.
Your spells are a little easier to cast, but a little less powerful.
You expend magic power (3 MP) to strengthen your wands.


Message History

Something hits you but does no damage.
Things that are here:
a club; an orc corpse Unknown command.
You barely miss something.
You hit the giant cockroach but do no damage.
The giant cockroach closely misses you. The giant cockroach misses you.
A black bear comes into view.
Something barely misses you.
Unknown command.
The black bear growls angrily.
You hit the orc.
The orc is lightly wounded.
You closely miss something. You hit the giant cockroach.
You kill the giant cockroach!
Trog accepts your kill. The orc barely misses you. Something hits you.
* * * LOW HITPOINT WARNING * * *
Something hits you.
You die...

#... ...
.###... .h# .
...... ..## ..
.....#... #. .
..... #.#. ...
#...##o####...
#.....@.......
...#..<†####...
#....†#
......#....
#####.####... .
#..# .. .... .#
... .. ##


You could see a black bear and an orc.

Vanquished Creatures
  2 ogres (D:4)
  Blork the orc (D:5)
  2 elf zombies (Ossuary)
  A scorpion (D:5)
  A bullfrog zombie (D:5)
  A centaur zombie (D:5)
  2 orc priests
  A bullfrog skeleton (D:5)
  A jelly (D:5)
  5 orc wizards
  A centaur skeleton (D:2)
  Terence (D:3)
  3 worker ants
  2 big kobold zombies (Ossuary)
  2 hound zombies
  2 hound skeletons
  3 mummies (Ossuary)
  3 gnolls (D:3)
  10 adders
  An ooze (D:3)
  4 adder zombies (Ossuary)
  2 worms (D:4)
  5 leopard geckos
  20 orcs
  A ball python (D:1)
  6 bats
  2 giant cockroaches
  3 gnoll zombies (Ossuary)
  5 goblins
  2 hobgoblins
  An iguana (D:5)
  4 jackals (D:3)
  A quokka (D:4)
  5 frilled lizards
  A goblin zombie (Ossuary)
  4 hobgoblin zombies (Ossuary)
  4 jackal zombies (Ossuary)
  7 kobolds
  A kobold zombie (Ossuary)
  A leopard gecko skeleton (D:4)
  4 orc zombies (Ossuary)
  A quokka skeleton (D:5)
  3 quokka zombies (Ossuary)
  10 rats
  6 rat zombies
  A bush (D:2)
149 creatures vanquished.

Notes
Turn   | Place    | Note
-------+----------+-------------------------------------------
     0 | D:1      | Fang the Gargoyle Berserker began the quest for the Orb.
     0 | D:1      | Reached XP level 1. HP: 14/14 MP: 1/1
   310 | D:1      | Reached skill level 3 in Axes
   310 | D:1      | Reached XP level 2. HP: 11/19 MP: 2/2
   965 | D:2      | Reached XP level 3. HP: 24/24 MP: 3/3
   983 | D:2      | Reached XP level 4. HP: 6/29 MP: 4/4
  1297 | D:2      | Found a shadowy altar of Dithmenos.
  1443 | D:2      | Reached ** piety under Trog
  1449 | D:2      | Found a shattered altar of Ashenzari.
  1835 | D:2      | Reached XP level 5. HP: 31/33 MP: 5/5
  1953 | D:3      | Reached skill level 4 in Axes
  1959 | D:3      | Reached skill level 1 in Stealth
  2106 | D:3      | Noticed Terence
  2119 | D:3      | Killed Terence
  2327 | D:3      | Reached XP level 6. HP: 17/39 MP: 6/6
  3023 | D:3      | Reached *** piety under Trog
  3124 | D:3      | Found a burning altar of Makhleb.
  3125 | D:3      | Found an iron altar of Okawaru.
  3236 | D:4      | Found a sand-covered staircase.
  3253 | Ossuary  | Entered an ossuary
  3311 | Ossuary  | Reached skill level 5 in Axes
  3671 | Ossuary  | Reached XP level 7. HP: 43/44 MP: 7/7
  4530 | D:4      | Reached skill level 5 in Fighting
  4599 | D:4      | Reached **** piety under Trog
  4599 | D:4      | Reached skill level 6 in Axes
  4846 | D:4      | Found a radiant altar of Vehumet.
  4865 | D:4      | Found Famoplas's Antique Weapon Boutique.
  4954 | D:4      | Received a gift from Trog
  4965 | D:4      | Found a hazy altar of Hepliaklqana.
  5127 | D:4      | Found an ancient bone altar of Kikubaaqudgha.
  5128 | D:4      | Found a deep blue altar of Sif Muna.
  5242 | D:5      | Entered Level 5 of the Dungeon
  5305 | D:4      | Bought a war axe for 66 gold pieces
  5327 | D:5      | Gained mutation: Your spells are a little easier to cast,
                  | but a little less powerful. [potion of mutation]
  5327 | D:5      | Gained mutation: Scrolls take you a little longer to read.
                  | [potion of mutation]
  5327 | D:5      | Gained mutation: You expend magic power (3 MP) to
                  | strengthen your wands. [potion of mutation]
  5381 | D:5      | Reached XP level 8. HP: 40/49 MP: 8/8
  5422 | D:5      | Noticed Blork the orc
  5438 | D:5      | Killed Blork the orc
  5630 | D:5      | Found a shimmering altar of Xom.
  5982 | D:5      | Reached skill level 7 in Axes
  5997 | D:5      | Found a staircase to the Ecumenical Temple.
  6072 | D:5      | Received a gift from Trog
  6101 | Temple   | Entered the Ecumenical Temple
  6124 | D:5      | Noticed Duvessa
  6125 | D:5      | Noticed Dowan
  6151 | D:6      | HP: 2/50 [adder (2)]
  6155 | D:6      | Slain by an orc wizard

Skill      XL: |  1  2  3  4  5  6  7  8 |
---------------+-------------------------+-----
Axes           | 3 4 5 6 7 |  7.2
Fighting       | 4 5 |  5.6
Dodging        | 2 3 4 |  4.2
Stealth        | 1 |  1.9
Armour         | |  2.6

Action                   |  1- 3 |  4- 6 |  7- 9 || total
-------------------------+-------+-------+-------++-------
Melee: Hand axe          |    81 |   300 |   117 ||   498
       War axe           |       |       |    88 ||    88
Invok: Berserk           |     1 |     3 |     2 ||     6
  Use: Scroll            |       |     8 |     9 ||    17
       Potion            |       |       |     1 ||     1
 Stab: Sleeping          |       |     2 |     1 ||     3
  Eat: Chunk             |       |    10 |     4 ||    14
       Ration            |       |     1 |     1 ||     2
Armor: Animal skin       |    34 |   108 |    77 ||   219
Dodge: Dodged            |    67 |   201 |   147 ||   415
       Deflected         |       |       |     3 ||     3
